 Dungeon Crawl Stone Soup version 0.19-a0-1401-g902f63d (webtiles) character file.

163 aronpayne the Skirmisher (level 5, -1/37 HPs)
             Began as a High Elf Fighter on Sept 4, 2016.
             Killed from afar by a white imp (4 damage)
             ... with a puff of frost
             ... summoned by Natasha
             ... on level 3 of the Dungeon.
             The game lasted 00:08:44 (2169 turns).

aronpayne the Skirmisher (High Elf Fighter)         Turns: 2169, Time: 00:08:45

Health: -1/37      AC:  0    Str: 16    XL:     5   Next: 20%
Magic:  6/6        EV: 20    Int: 11    God:
Gold:   132        SH:  0    Dex: 20    Spells: 0 memorised, 4 levels left

rFire  . . .     SeeInvis .     (weapon currently unavailable)
rCold  . . .     Gourm    .     (armour currently unavailable)
rNeg   . . .     Faith    .     (shield currently unavailable)
rPois  .         Spirit   .     (helmet currently unavailable)
rElec  .         Dismiss  .     (cloak currently unavailable)
rCorr  .         Reflect  .     (gloves currently unavailable)
MR     .....     Harm     .     (boots currently unavailable)
Stlth  ++........               l - amulet of rage
                                (ring currently unavailable)
                                (ring currently unavailable)

@: bat-form, flying, very quick
A: no striking features
a: Evoke Berserk Rage


You were on level 3 of the Dungeon.
You were hungry.
You were in bat-form.
You visited 1 branch of the dungeon, and saw 3 of its levels.

You collected 132 gold pieces.

Inventory:

Hand Weapons
 a - a +0 long sword (melded)
Armour
 b - a +0 pair of boots (melded)
 c - a +0 shield (melded)
 u - a +0 chain mail
 v - a +0 cloak (melded)
 w - a +0 ring mail of poison resistance (melded)
Jewellery
 l - an amulet of rage (around neck)
Scrolls
 j - 3 scrolls of remove curse
 n - a scroll of enchant weapon {unknown}
 p - 2 scrolls of identify {unknown}
 q - a scroll of enchant armour {unknown}
 r - 2 scrolls of recharging {unknown}
 s - 2 scrolls of teleportation {unknown}
 t - a scroll of blinking {unknown}
 x - a scroll of immolation {unknown}
Potions
 d - a potion of might
 e - 2 potions of heal wounds {unknown}
 i - a potion of lignification
 k - a potion of magic {unknown}
 m - a potion of curing {unknown}
 o - a potion of flight {unknown}
Comestibles
 f - 3 bread rations
 g - 4 chunks of flesh
 h - 4 meat rations


   Skills:
 + Level 4.1 Fighting
 + Level 3.8 Long Blades
 + Level 3.1 Armour
 + Level 2.1 Dodging
 + Level 3.1 Shields


You had 4 spell levels left.
You didn't know any spells.

Dungeon Overview and Level Annotations

Branches:
Dungeon (3/15)

Altars:
Fedhas

Annotations:
D:3 Natasha


Message History

You hit Natasha but do no damage.
Natasha is almost dead.
You hit Natasha but do no damage.
Natasha is almost dead.
Natasha zaps a wand.
The white imp closely misses you.
You hit Natasha.
Natasha is almost dead.
You hit Natasha but do no damage.
Natasha is almost dead.
Natasha completely misses you.
The white imp lashes its tail.
The white imp misses you.
You barely miss Natasha.
Natasha is almost dead.
Natasha zaps a wand.
You hit Natasha but do no damage.
Natasha is almost dead.
The white imp gestures at you. The puff of frost hits you!
You die...

#....# #.. #..).#
#.# #....#
#####.# #....#
####.....#
#....###()..#####
#>...##รท)####
###....##)##
.##.##.........#
(.....5b....####
###...h.....#
#....##.###
#..#.#...#
........#.#
###..#.##.. .....
. ##..


You could see Natasha and a white imp.

Vanquished Creatures
  An orc priest (D:3)
  Natasha (D:3)
  4 adders
  2 oozes (D:2)
  A worm (D:2)
  A dart slug (D:1)
  3 orcs (D:3)
  A giant cockroach (D:2)
  8 hobgoblins
  5 jackals (D:2)
  5 bats
  4 giant newts
  7 goblins (D:2)
  10 kobolds
  4 rats
57 creatures vanquished.

Notes
Turn   | Place    | Note
-------+----------+-------------------------------------------
     0 | D:1      | aronpayne the High Elf Fighter began the quest for the Orb.
     0 | D:1      | Reached XP level 1. HP: 16/16 MP: 2/2
    74 | D:1      | Reached XP level 2. HP: 10/21 MP: 3/3
   825 | D:2      | Found a blossoming altar of Fedhas.
   877 | D:2      | Reached XP level 3. HP: 24/26 MP: 4/4
   940 | D:2      | Reached skill level 1 in Dodging
  1818 | D:2      | Reached XP level 4. HP: 32/33 MP: 5/5
  1858 | D:3      | Noticed Natasha
  1868 | D:3      | Killed Natasha
  2022 | D:3      | Reached skill level 4 in Fighting
  2094 | D:3      | Reached XP level 5. HP: 21/37 MP: 6/6
  2141 | D:3      | Noticed Natasha
  2169 | D:3      | Killed from afar by a white imp

Vault maps used:
D:1:      lightli_arrival_maybe_door_vault
D:2:      nicolae_overflow_crystal_walls, due_unseen_surprise
D:3:      uniq_natasha

Skill      XL: |  1  2  3  4 |
---------------+-------------+-----
Long Blades    | 3 |  3.8
Armour         | 3 |  3.1
Dodging        | 1 2 |  2.1
Fighting       | 4 |  4.1
Shields        | 3 |  3.1

Action                   |  1- 3 |  4- 6 || total
-------------------------+-------+-------++-------
Melee: Long sword        |   183 |    87 ||   270
       Unarmed           |       |    14 ||    14
  Use: Potion            |     1 |       ||     1
       Scroll            |       |     1 ||     1
  Eat: Chunk             |     3 |     1 ||     4
Armor: Scale mail        |    35 |       ||    35
       Chain mail        |    25 |    36 ||    61
       Ring mail         |       |     3 ||     3
Dodge: Dodged            |    28 |    35 ||    63
Block: Shield            |    85 |    51 ||   136
